 Dungeon Crawl Stone Soup version 0.18.1-48-g4cf74bf (webtiles) character file.

297 tyranidshit the Grave Robber (level 6, -1/57 HPs)
             Began as a Deep Dwarf Necromancer on July 10, 2016.
             Slain by a troll (2 damage)
             ... on level 4 of the Dungeon.
             The game lasted 00:14:33 (2099 turns).

tyranidshit the Grave Robber (DDNe)                 Turns: 2099, Time: 00:14:34

Health: -1/57      AC:  3    Str: 12    XL:     6   Next: 12%
Magic:  1/11       EV: 12    Int: 17    God:
Gold:   199        SH:  0    Dex: 13    Spells: 2 memorised, 8 levels left

rFire  . . .     SeeInvis .     n - +1 scythe (freeze)
rCold  . . .     Gourm    .     o - +0 robe
rNeg   . . .     Faith    .     (shield currently unavailable)
rPois  .         Spirit   .     (no helmet)
rElec  .         Dismiss  .     i - +0 cloak
rCorr  .         Reflect  .     (no gloves)
SustAt .         Harm     .     (no boots)
MR     .....                    (no amulet)
Stlth  ++........               (no ring)
                                (no ring)

@: non-regenerating, not resistant to hostile enchantments, unstealthy
A: damage resistance, recharge devices, sense surroundings 1, slow regeneration
3
a: Device Recharging


You were on level 4 of the Dungeon.
You were not hungry.

You visited 1 branch of the dungeon, and saw 4 of its levels.

You collected 199 gold pieces.

Inventory:

Hand Weapons
 f - a +1 whip
 n - a +1 scythe of freezing (weapon)
Missiles
 l - 17 bolts
Armour
 a - a +0 robe
 i - a +0 cloak (worn)
 o - a +0 robe (worn)
Jewellery
 g - an uncursed ring of positive energy
 p - an uncursed ring of see invisible
Wands
 c - a wand of heal wounds (0/9)
Scrolls
 h - 3 scrolls of teleportation
 j - 5 scrolls of identify
Potions
 e - a potion of cancellation
 q - a potion of flight
Books
 b - a book of Necromancy

   Spells                             Type                      Level
   a - Pain                           Necromancy                   1
   b - Animate Skeleton               Necromancy                   1
   c - Vampiric Draining              Necromancy                   3
   d - Regeneration                   Charms/Necromancy            3
   e - Animate Dead                   Necromancy                   4
   f - Control Undead                 Necromancy                   4
Comestibles
 d - 2 bread rations
 k - 3 meat rations
 m - a slice of pizza


   Skills:
 + Level 3.9 Fighting
 - Level 2.1 Dodging
 - Level 2.4 Stealth
 + Level 3.9 Spellcasting
 - Level 4.3 Necromancy


You had 8 spell levels left.
You knew the following spells:

 Your Spells              Type           Power        Failure   Level  Hunger
a - Pain                  Necr           ###.         2%          1    None
b - Vampiric Draining     Necr           ###.......   10%         3    ###....


Dungeon Overview and Level Annotations

Branches:
Dungeon (4/15)
 Temple: D:4-7

Altars:
Ashenzari
Fedhas
Xom
Zin


Innate Abilities, Weirdness & Mutations

You are resistant to damage.
You can recharge devices by infusing magical energy.
You passively map a small area around you.
You do not regenerate naturally.


Message History

The troll is almost dead.
The troll bites you!
* * * LOW HITPOINT WARNING * * *
The troll claws you!
* * * LOW HITPOINT WARNING * * *
The troll misses you. The troll barely misses you.
The troll closely misses you. The troll claws you.
* * * LOW HITPOINT WARNING * * *
Unknown command.
Evoke which item? (* to show all) (? for menu, Esc to quit)
Okay, then.
Casting: Vampiric Draining
Confirm with . or Enter, or press ? or * to list all spells.
Aiming: Pain
Press: ? - help, Shift-Dir - straight line, f - troll
Aim: a troll (almost dead, chance to defeat MR: 78%)
The troll barely resists.
The troll closely misses you. The troll claws you.
* * * LOW HITPOINT WARNING * * *
The troll claws you.
You die...

* * #.#.# #...., , ...#.#
#[#.# #.#.#######.#.###
#.####.#.###..#............#
#.........##.#.#######.#.#.##
######.#..##.#.# #......#
#.#......># ###.#..#
#.##.##.####### * #.#..#
#.##..........., ..#..#
#.#####@####### ####.## #.#
#T### #.# #.#####.#.# #.#
#........#.# #.#
#.#####.###.# #.# #...##
#.########.## #..##
##........... #.#.#
##[#####..#### *#.##.###..#
##.####


You could see a troll.

Vanquished Creatures
  Sigmund (D:4)
  An orc wizard (D:3)
  2 adders
  4 worms
  A dart slug (D:3)
  4 giant geckos
  6 orcs
  6 giant cockroaches
  8 hobgoblins
  2 quokkas
  8 bats
  10 goblins
  5 kobolds
  10 rats
68 creatures vanquished.

Notes
Turn   | Place    | Note
--------------------------------------------------------------
     0 | D:1      | tyranidshit the Deep Dwarf Necromancer began the quest for the Orb.
     0 | D:1      | Reached XP level 1. HP: 15/15 MP: 3/3
   163 | D:1      | Reached skill level 1 in Fighting
   174 | D:1      | Reached XP level 2. HP: 25/25 MP: 1/5
   851 | D:2      | Reached XP level 3. HP: 28/32 MP: 0/6
   856 | D:2      | Learned a level 3 spell: Vampiric Draining
   918 | D:2      | Noticed an angel
   918 | D:2      | Found a shimmering altar of Xom.
   918 | D:2      | Found a glowing silver altar of Zin.
  1061 | D:2      | Found a blossoming altar of Fedhas.
  1358 | D:3      | Found a faded altar to an unknown god.
  1413 | D:3      | Reached XP level 4. HP: 34/39 MP: 1/8
  1886 | D:4      | Reached XP level 5. HP: 26/49 MP: 0/9
  1939 | D:4      | Found a shattered altar of Ashenzari.
  1956 | D:4      | Noticed Sigmund
  1971 | D:4      | HP: 2/49 [something (3)]
  1974 | D:4      | Killed Sigmund
  1974 | D:4      | Reached XP level 6. HP: 38/57 MP: 1/11
  2078 | D:4      | Noticed a troll
  2099 | D:4      | HP: 1/57 [troll (2)]
  2099 | D:4      | Slain by a troll

Skill      XL: |  1  2  3  4 |
---------------+-------------+-----
Fighting       | 1 2 3 |  3.9
Spellcasting   | 2 3 |  3.9
Dodging        | |  2.1
Stealth        | |  2.4
Necromancy     | |  4.3

Action                   |  1- 3 |  4- 6 || total
-------------------------+-------+-------++-------
Melee: Unarmed           |     1 |       ||     1
       Whip              |    19 |    60 ||    79
       Scythe            |       |     1 ||     1
 Cast: Pain              |    75 |    16 ||    91
       Vampiric Draining |     1 |    16 ||    17
Evoke: Wand              |       |     7 ||     7
  Use: Scroll            |     6 |     1 ||     7
       Potion            |     4 |     1 ||     5
  Eat: Bread ration      |     1 |     1 ||     2
Armor: Robe              |     6 |    19 ||    25
Dodge: Dodged            |    36 |    46 ||    82
